 Dungeon Crawl Stone Soup version 0.16.1-51-g6203257 (webtiles) character file.

6162 Vit the Thaumaturge (level 10, -1/58 HPs)
             Began as a High Elf Ice Elementalist on July 24, 2015.
             Was a Believer of Vehumet.
             Slain by Gatherer's ghost (19 damage)
             ... on level 1 of the Lair of Beasts on Aug 5, 2015.
             The game lasted 02:07:38 (9313 turns).

Vit the Thaumaturge (High Elf Ice Elementalist)     Turns: 9313, Time: 02:07:38

Health: -1/58      AC: 15    Str:  7    XL:     10   Next: 60%
Magic:  38/42      EV: 13    Int: 23    God:    Vehumet [**....]
Gold:   673        SH:  8    Dex: 16    Spells: 8 memorised, 14 levels left

rFire  . . .     SeeInvis .     x - +0 hand axe (elec)
rCold  . . .     Clarity  .     a - +0 robe
rNeg   . . .     SustAb   .     (no shield)
rPois  .         Gourm    .     B - +0 helmet
rElec  .         Spirit   .     f - +0 cloak
rCorr  .         Warding  .     W - +1 pair of gloves
rMut   +         Stasis   .     w - +0 pair of boots
MR     +....                    v - amulet of resist mutation
Stlth  ++........               T - ring of magical power
                                (no ring)

@: icy armour, about to teleport, icy shield, somewhat resistant to hostile
enchantments, unstealthy
A: no striking features
a: Renounce Religion


You were on level 1 of the Lair of Beasts.
You worshipped Vehumet.
Vehumet was pleased with you.
You were not hungry.

You visited 3 branches of the dungeon, and saw 12 of its levels.

You collected 673 gold pieces.

Inventory:

Hand weapons
 x - a +0 hand axe of electrocution (weapon)
 P - a cursed +2 falchion of freezing
 Q - a +0 shortbow
Armour
 a - a +0 robe (worn)
 f - a +0 cloak (worn)
 w - a +0 pair of boots (worn)
 B - a +0 helmet (worn)
 W - a +1 pair of gloves (worn)
Jewellery
 m - an uncursed amulet of regeneration
 v - an amulet of resist mutation (around neck)
 T - a ring of magical power (right hand)
Magical devices
 r - a wand of fire (7)
 N - a wand of magic darts (28)
 U - a wand of flame (19)
Scrolls
 b - a scroll of recharging {unknown}
 e - a scroll of remove curse
 h - 4 scrolls of identify
 n - a scroll of magic mapping {unknown}
 u - a scroll of random uselessness {unknown}
 y - a scroll of blinking {unknown}
 z - 3 scrolls of fog
 D - a scroll of amnesia {unknown}
 F - 2 scrolls of enchant weapon {unknown}
 H - a scroll of teleportation
 Z - a scroll of silence {unknown}
Potions
 g - 2 potions of brilliance
 o - a potion of might {unknown}
 p - a potion of haste
 s - 2 potions of heal wounds
 G - a potion of degeneration {unknown}
 Y - a potion of cancellation {unknown}
Comestibles
 c - 9 bread rations
 k - 2 royal jellies
 l - 4 meat rations
 C - 3 fruits
 E - 8 slices of pizza
 X - 7 chunks of flesh


   Skills:
 - Level 1.0 Fighting
 - Level 2.1 Dodging
 - Level 2.1 Stealth
 + Level 13.1 Spellcasting
 + Level 3.0 Conjurations
 + Level 2.2 Charms
 + Level 10.1 Ice Magic
 * Level 2.4 Air Magic


You had 14 spell levels left.
You knew the following spells:

 Your Spells              Type           Power        Failure   Level  Hunger
a - Freeze                Ice            ####         1%          1    None
b - Throw Icicle          Conj/Ice       #####...     3%          4    None
c - Condensation Shield   Ice            ######....   1%          4    None
d - Shock                 Conj/Air       ####         1%          1    None
m - Metabolic Englaciati  Hex/Ice        #####.....   17%         5    ###....
q - Throw Frost           Conj/Ice       #####.       1%          2    None
r - Ozocubu's Armour      Chrm/Ice       #####...     1%          3    None
z - Magic Dart            Conj           ####         1%          1    None


Dungeon Overview and Level Annotations

Branches:
Dungeon (9/15)             Temple (1/1) D:7            Lair (2/8) D:9
    Orc: D:9-12

Altars:
Ashenzari
Cheibriados
Dithmenos
Elyvilon
Fedhas
Gozag
Kikubaaqudgha
Makhleb
Nemelex Xobeh
Okawaru
Qazlal
Ru
Sif Muna
Trog
Vehumet
Xom
Yredelemnul
Zin
The Shining One

Shops:
D:9 }

Annotations:
Lair:1 Gatherer's ghost, powerful MiBe


Message History

Press: ? - help, Shift-Dir - straight line, f/p - Gatherer's ghost
Aim: Gatherer's ghost, wielding a weapon of electrocution (lightly damaged)
You freeze Gatherer's ghost.
Gatherer's ghost is frozen!
Gatherer's ghost is moderately damaged.
Casting: Freeze
Confirm with . or Enter, or press ? or * to list all spells.
Aiming: Freeze
Press: ? - help, Shift-Dir - straight line, f/p - Gatherer's ghost
Aim: Gatherer's ghost, wielding a weapon of electrocution (moderately damaged)
You freeze Gatherer's ghost.
Gatherer's ghost is frozen!
Gatherer's ghost is moderately damaged.
Gatherer's ghost hits you.
You are electrocuted!
* * * LOW HITPOINT WARNING * * *
Gatherer's ghost makes a sound of rattling chains.
Gatherer's ghost laughs crazily.
Gatherer's ghost whispers, "There is no future for you."
Read which item? (? for menu, Esc to quit)
As you read the scroll of teleportation, it crumbles to dust.
You feel strangely unstable. Gatherer's ghost hits you!!
You die...

### ##### ### ####
###.######.#.###.####P.#
#.....W@................
#.#P..#####.....##+##+.#
##.........#.............
#..........P............#
##.#....................#
#.#.......#.....P.......
#......................#
##.#.......#..รท.........#
#P.+.......#.....#......#


You could see Gatherer's ghost.

Vanquished Creatures
  A two-headed ogre (D:8)
  Eustachio (D:4)
  A deep elf fighter (D:8)
  2 hippogriffs
  6 yaks
  6 porcupines
  2 ice beasts
  2 black bears
  2 sky beasts
  4 phantoms
  A necrophage (D:5)
  An ogre (D:9)
  4 centaurs
  An eye of draining (D:8)
  A crocodile (Lair:1)
  3 giant frogs
  3 big kobolds (D:9)
  Blork the orc (D:6)
  A gnoll sergeant (D:9)
  5 wights (D:9)
  A water moccasin skeleton (D:8)
  The ghost of Jakon the Covered, a weakling MiFi (D:4)
  3 scorpions
  A wasp zombie (D:6)
  6 crimson imps
  An orc priest (D:6)
  A giant frog zombie (D:6)
  4 giant frog skeletons
  2 centaur skeletons
  3 jellies
  3 hounds
  10 orc wizards
  Natasha (thrice) (D:6)
  2 iguanas
  A killer bee zombie (D:6)
  5 worker ants
  Ijyb (D:6)
  5 hound zombies
  9 gnolls
  10 adders
  2 giant mites
  8 adder zombies
  An adder skeleton (D:3)
  4 giant geckos
  2 oozes
  21 orcs
  3 bat skeletons
  2 bat zombies (D:6)
  5 giant cockroaches
  13 goblins
  13 hobgoblins
  13 bats
  2 giant gecko zombies (D:6)
  4 giant newts
  5 jackals
  A jackal skeleton (D:6)
  A jackal zombie (D:6)
  28 kobolds
  7 quokkas
  A quokka skeleton (D:8)
  A quokka zombie (D:6)
  16 rats
  2 plants (D:9)
275 creatures vanquished.

Vanquished Creatures (others)
  3 plants (D:9)
3 creatures vanquished.

Grand Total: 278 creatures vanquished

Notes
Turn   | Place    | Note
--------------------------------------------------------------
     0 | D:1      | Vit, the High Elf Ice Elementalist, began the quest for the Orb.
     0 | D:1      | Reached XP level 1. HP: 11/11 MP: 4/4
   254 | D:1      | You fall through a shaft!
   294 | D:2      | Found a white marble altar of Elyvilon.
   391 | D:2      | Reached XP level 2. HP: 17/17 MP: 1/6
  1226 | D:2      | Reached XP level 3. HP: 19/21 MP: 7/10
  1239 | D:2      | Learned a level 2 spell: Throw Frost
  1243 | D:2      | Learned a level 3 spell: Ozocubu's Armour
  1582 | D:3      | Found a blossoming altar of Fedhas.
  1742 | D:3      | Reached skill level 4 in Ice Magic
  1782 | D:3      | Reached XP level 4. HP: 27/27 MP: 10/13
  1951 | D:3      | Found an opulent altar of Gozag.
  2211 | D:4      | Noticed Eustachio
  2233 | D:4      | Noticed Jakon's ghost (weakling MiFi)
  2518 | D:4      | Found a sacrificial altar of Ru.
  2522 | D:4      | Reached XP level 5. HP: 31/31 MP: 10/17
  2524 | D:4      | Reached skill level 5 in Spellcasting
  2797 | D:4      | Killed Eustachio
  2797 | D:4      | Reached skill level 6 in Spellcasting
  2797 | D:4      | Reached skill level 5 in Ice Magic
  2797 | D:4      | Reached XP level 6. HP: 23/36 MP: 6/21
  3006 | D:4      | Killed Jakon's ghost
  3055 | D:5      | Entered Level 5 of the Dungeon
  3061 | D:5      | Learned a level 4 spell: Condensation Shield
  3165 | D:5      | Reached XP level 7. HP: 34/41 MP: 23/23
  3230 | D:5      | Reached skill level 7 in Spellcasting
  3286 | D:5      | Found an ancient bone altar of Kikubaaqudgha.
  3742 | D:5      | Reached skill level 8 in Spellcasting
  3987 | D:5      | Reached XP level 8. HP: 41/46 MP: 22/26
  4092 | D:5      | Reached skill level 9 in Spellcasting
  4522 | D:6      | Noticed Blork the orc
  4529 | D:6      | Killed Blork the orc
  4614 | D:6      | Noticed Ijyb
  4657 | D:6      | Reached skill level 10 in Spellcasting
  4678 | D:6      | Killed Ijyb
  4791 | D:6      | Noticed Natasha
  4821 | D:6      | Killed Natasha
  4902 | D:6      | Noticed Natasha
  4905 | D:6      | Killed Natasha
  5020 | D:6      | Noticed Natasha
  5149 | D:6      | Killed Natasha
  5325 | D:6      | HP: 1/47 [centaur/uncursed war axe (11)]
  5456 | D:6      | Reached XP level 9. HP: 52/52 MP: 27/29
  5696 | D:7      | Learned a level 4 spell: Throw Icicle
  5884 | D:7      | Found a shattered altar of Ashenzari.
  5884 | D:7      | Found a bloodstained altar of Trog.
  5953 | D:7      | Found a staircase to the Ecumenical Temple.
  5965 | Temple   | Entered the Ecumenical Temple
  6017 | Temple   | Became a worshipper of Vehumet
  6076 | Temple   | Learned a level 5 spell: Metabolic Englaciation
  6288 | D:7      | Got a thick robe
  6289 | D:7      | Identified the +1 robe "Tawaam" {-Cast rC+ Str+2 Int+3 Stlth+} (You found it on level 7 of the Dungeon)
  6547 | D:8      | Reached skill level 11 in Spellcasting
  6547 | D:8      | Reached skill level 1 in Charms
  7266 | D:8      | Acquired Vehumet's first power
  7266 | D:8      | Offered knowledge of Magic Dart by Vehumet.
  7269 | D:8      | Learned a level 1 spell: Magic Dart
  7308 | D:8      | Found a sparkling altar of Nemelex Xobeh.
  7532 | D:9      | Reached skill level 1 in Fighting
  7551 | D:8      | Reached skill level 12 in Spellcasting
  7708 | D:9      | Reached XP level 10. HP: 55/58 MP: 28/32
  8075 | D:9      | Found Freposoa's Gadget Boutique.
  8133 | D:9      | Offered knowledge of Shock by Vehumet.
  8136 | D:9      | Learned a level 1 spell: Shock
  8138 | D:9      | Found a shadowy altar of Dithmenos.
  8532 | D:9      | Reached skill level 1 in Air Magic
  8781 | D:9      | Offered knowledge of Stone Arrow by Vehumet.
  8895 | D:9      | Found a staircase to the Lair.
  8919 | Lair:1   | Entered Level 1 of the Lair of Beasts
  8929 | Lair:1   | Reached skill level 10 in Ice Magic
  9143 | Lair:1   | Reached skill level 13 in Spellcasting
  9171 | Lair:1   | Noticed Gatherer's ghost (powerful MiBe)
  9313 | Lair:1   | Slain by Gatherer's ghost

Action                   |  1- 3 |  4- 6 |  7- 9 | 10-12 || total
-------------------------+-------+-------+-------+-------++-------
Melee: Unarmed           |     1 |       |       |       ||     1
       Dagger            |       |    19 |       |       ||    19
       Hand axe          |       |    34 |   158 |    66 ||   258
 Cast: Freeze            |    67 |    72 |   242 |   107 ||   488
       Throw Frost       |     2 |     8 |    27 |    16 ||    53
       Ozocubu's Armour  |       |     4 |    24 |    10 ||    38
       Condensation Shie |       |     2 |    16 |     6 ||    24
       Magic Dart        |       |       |     1 |    72 ||    73
       Shock             |       |       |       |    15 ||    15
  Use: Potion            |       |       |     3 |       ||     3
       Scroll            |       |       |    12 |     4 ||    16
 Stab: Sleeping          |       |       |     3 |       ||     3
       Distracted        |       |       |     1 |       ||     1
  Eat: Chunk             |     3 |     4 |    16 |     5 ||    28
       Fruit             |       |       |     1 |       ||     1
       Pizza             |       |       |     1 |       ||     1
       Beef jerky        |       |       |       |     1 ||     1
